 Dungeon Crawl Stone Soup version 0.27.1 (webtiles) character file.

Game seed: 654372530497563946

602 shadowrider38 the Sneak (level 7, -2/46 HPs)
             Began as a Vampire Enchanter on Aug 26, 2021.
             Slain by Duvessa (6 damage)
             ... on level 5 of the Dungeon.
             The game lasted 00:47:22 (9613 turns).

shadowrider38 the Sneak (Vampire Enchanter)         Turns: 9613, Time: 00:47:22

Health: -2/46      AC:  3    Str: 13    XL:     7   Next: 18%
Magic:  10/10      EV: 12    Int: 18    God:
Gold:   229        SH:  0    Dex: 16    Spells: 4/10 levels left

rFire    + . .     SeeInvis +   a - +3 short sword
rCold    . . .     Faith    .   (no shield)
rNeg     . . .     Spirit   .   g - +0 robe
rPois    .         Reflect  .   (no helmet)
rElec    .         Harm     .   (no cloak)
rCorr    .         Rampage  .   h - +0 pair of gloves
Will     .....                  (no boots)
Stlth    ++++......             m - amulet of magic regeneration
HPRegen  0.35/turn              k - +6 ring of strength
MPRegen  0.37/turn              l - ring of protection from fire

@: mighty, healing quickly
A: alive, fangs 3, see invisible, vampiric 2
a: Exsanguinate


You were on level 5 of the Dungeon.
You visited 1 branch of the dungeon, and saw 5 of its levels.

You collected 229 gold pieces.

Inventory:

Hand Weapons
 a - a +3 short sword (weapon)
 b - a +0 hunting sling
Missiles
 c - 165 stones
 d - 40 sling bullets
 n - 9 boomerangs
Armour
 g - a +0 robe (worn)
 h - a +0 pair of gloves (worn)
 t - a +0 chain mail
Jewellery
 k - a +6 ring of strength (left hand)
 l - a ring of protection from fire (right hand)
 m - an amulet of magic regeneration (around neck)
Scrolls
 f - a scroll of silence {unknown}
 i - a scroll of torment {unknown}
 j - a scroll of vulnerability {unknown}
 o - a scroll of noise {unknown}
 s - a scroll of teleportation {unknown}
 u - a scroll of amnesia {unknown}
Potions
 r - 2 potions of flight


   Skills:
 + Level 5.2 Short Blades
 - Level 2.1 Dodging
 + Level 7.9 Stealth
 - Level 2.0 Spellcasting
 - Level 7.7 Hexes


You had 4 spell levels left.
You knew the following spells:

 Your Spells              Type           Power      Damage    Failure   Level
a - Corona                Hex            32%        N/A       1%          1
b - Ensorcelled Hibernat  Hex/Ice        30%        N/A       5%          2
c - Tukima's Dance        Hex            29%        N/A       2%          3

Your spell library contained the following spells:

 Spells                   Type           Power      Damage    Failure   Level
 Confusing Touch          Hex            29%        N/A       2%          3
 Dazzling Flash           Conj/Hex       30%        N/A       11%         3
 Apportation              Tloc           2%         N/A       19%         1
 Invisibility             Hex            14%        N/A       75%         6
 Alistair's Intoxication  Tmut/Pois      0%         N/A       99%         5


Dungeon Overview and Level Annotations

Branches:
Dungeon (5/15)
 Temple: D:4-7

Altars:
Wu Jian

Annotations:
D:2 1 runed translucent door, Crazy Yiuf
D:3 2 transporters, Harkinian2's ghost, amateur MiFi
D:5 Dowan; Duvessa


Innate Abilities, Weirdness & Mutations

Your natural rate of healing is accelerated.
You have razor-sharp teeth.
You have supernaturally acute eyesight. (SInv)
You are afflicted with vampirism and can become a bat while bloodless.


Message History

Aim: Duvessa, wielding a +0 rapier and wearing a +2 chain mail of willpower (fast, chance to affect: 6%) Duvessa resists with almost no effort.
Duvessa hits you with a +0 rapier!
Casting: Ensorcelled Hibernation (safe; 5% risk of failure)
Confirm with . or Enter, or press ? or * to list all spells.
Okay, then.
Unknown command.
Casting: Ensorcelled Hibernation (safe; 5% risk of failure)
Confirm with . or Enter, or press ? or * to list all spells.
Aiming: Tukima's Dance (dangerous; 2% risk of failure)
Press: ? - help, Shift-Dir - straight line, f/p - Duvessa
Aim: Duvessa, wielding a +0 rapier and wearing a +2 chain mail of willpower (fast, chance to affect: 19%)
Okay, then.
Unknown command.
Casting: Tukima's Dance (dangerous; 2% risk of failure)
Confirm with . or Enter, or press ? or * to list all spells.
Okay, then.
Unknown command.
Duvessa hits you with a +0 rapier. Duvessa hits you with a +0 rapier!
* * * LOW HITPOINT WARNING * * *
You feel much better. Duvessa hits you with a +0 rapier!
* * * LOW HITPOINT WARNING * * *
You feel very mighty all of a sudden. Duvessa closely misses you.
Duvessa completely misses you.
You hit Duvessa.
Duvessa is lightly wounded.
Duvessa closely misses you.
Unknown command.
You puncture Duvessa!
Duvessa is moderately wounded.
Duvessa barely misses you. Duvessa hits you with a +0 rapier.
* * * LOW HITPOINT WARNING * * *
You hit Duvessa.
Duvessa is moderately wounded.
Duvessa hits you with a +0 rapier!
* * * LOW HITPOINT WARNING * * *
You barely miss Duvessa. You bite Duvessa.
Duvessa is heavily wounded.
Duvessa hits you with a +0 rapier.
You die...

######### #.......#
### #.####..# ##.##
#.####..####...#
#.##....)....<#####
#.##.#..#####.....#
#.......###########
#.##.##.[..#
#.##....@..#
#.#####.e..#
#.#####.#.##
#.......#.#
#########.# #.....#
#.#####
####.##########. ..
#.......>....##. #.


You could see Duvessa (fast).

Vanquished Creatures
  Sigmund (D:4)
  An ogre (D:4)
  A centaur (D:3)
  A howler monkey (D:4)
  An iguana (D:3)
  3 orc wizards (D:4)
  3 gnolls (D:4)
  3 adders
  A worm (D:2)
  An adder skeleton (D:4)
  2 dart slugs
  9 orcs
  7 ball pythons
  8 endoplasms
  4 giant cockroaches
  11 goblins
  8 hobgoblins
  A jackal (D:4)
  3 quokkas
  3 bats
  5 frilled lizards
  7 kobolds
  A quokka skeleton (D:4)
85 creatures vanquished.

Vanquished Creatures (collateral kills)
  An orc (D:3)
1 creature vanquished.

Vanquished Creatures (others)
  A dancing weapon (D:4)
  A fungus (D:3)
  33 plants
35 creatures vanquished.

Grand Total: 121 creatures vanquished

Notes
Turn   | Place    | Note
-------+----------+-------------------------------------------
     0 | D:1      | shadowrider38 the Vampire Enchanter began the quest for the
                  | Orb.
     0 | D:1      | Reached XP level 1. HP: 13/13 MP: 3/3
   666 | D:1      | Reached skill level 5 in Stealth
   666 | D:1      | Reached XP level 2. HP: 19/19 MP: 5/5
   676 | D:1      | Reached skill level 5 in Hexes
   818 | D:1      | Learned a level 2 spell: Ensorcelled Hibernation
  1140 | D:1      | Gained mutation: You are afflicted with vampirism and can
                  | become a bat while bloodless. [Vampire growth]
  1140 | D:1      | Reached XP level 3. HP: 23/24 MP: 6/6
  2187 | D:2      | Found a runed translucent door.
  2206 | D:2      | Noticed Crazy Yiuf
  2944 | D:2      | Learned a level 3 spell: Tukima's Dance
  4674 | D:3      | Found a transporter.
  4675 | D:3      | Noticed Harkinian2's ghost (amateur MiFi)
  5316 | D:3      | Found a faded altar of an unknown god.
  5358 | D:3      | Reached XP level 4. HP: 30/30 MP: 5/7
  5617 | D:3      | Found an ornate altar of the Wu Jian Council.
  5730 | D:3      | Found a transporter.
  5958 | D:4      | Noticed Sigmund
  5972 | D:4      | Killed Sigmund
  5973 | D:4      | Reached XP level 5. HP: 33/35 MP: 3/8
  6235 | D:4      | Noticed a centaur
  6254 | D:4      | Reached XP level 6. HP: 24/41 MP: 9/9
  7910 | D:5      | Entered Level 5 of the Dungeon
  8878 | D:4      | Reached XP level 7. HP: 46/46 MP: 10/10
  9481 | D:4      | Reached skill level 5 in Short Blades
  9583 | D:5      | Noticed Duvessa
  9583 | D:5      | Noticed Dowan
  9613 | D:5      | Slain by Duvessa

Illustrated notes

Levels and vault maps discovered:
D:1:      dpeg_arrival_simpleton_a, layout_basic, minmay_tromino_v4_c
D:2:      layout_basic, serial_bayou, serial_bayou_ford_a,
          serial_bayou_crossing, serial_bayou_pond_e, serial_bayou_lake_a,
          uniq_crazy_yiuf_cottage
D:3:      layout_loops_corners, nicolae_wu_jian_immortal_techniques,
          gammafunk_ghost_arena, shapermc_ecumenical_altar_ellora
D:4:      minmay_clustersquares, layout_basic, uniq_sigmund
D:5:      minmay_polygon_palace, layout_loops_cross,
          minmay_temple_entry_steel_oval, nrook_mini_backslash, uniq_edmund,
          uniq_pikel, uniq_eustachio, uniq_duvessa

Skill      XL: |  1  2  3  4  5  6  7 |
---------------+----------------------+-----
Stealth        | 5 6 7 |  7.9
Hexes          | 5 7 |  7.7
Short Blades   | 3 4 5 |  5.2
Dodging        | |  2.1
Spellcasting   | |  2.0

Action                   |  1- 3 |  4- 6 |  7- 9 || total
-------------------------+-------+-------+-------++-------
Melee: Dagger            |   107 |       |       ||   107
       Bite              |     8 |    10 |     2 ||    20
       Short sword       |    20 |   127 |    11 ||   158
 Fire: Hunting sling     |     2 |       |       ||     2
Throw: Stone             |     4 |     2 |       ||     6
 Cast: Corona            |    24 |    23 |     1 ||    48
       Ensorcelled Hiber |     6 |    34 |     3 ||    43
       Tukima's Dance    |       |     5 |       ||     5
  Use: Scroll            |       |     3 |       ||     3
       Potion            |       |       |     2 ||     2
 Stab: Sleeping          |    14 |    16 |     1 ||    31
       Distracted        |       |     2 |     1 ||     3
Armor: Robe              |    13 |    16 |       ||    29
Dodge: Dodged            |    64 |    73 |     7 ||   144
